Map: King's Cove LE

Players

IIIIIIIIIII

  • Race: Zerg Zerg
  • Spawn Location: 5:00

DTsDropBot - Winner!

  • Race: Protoss Protoss
  • League: Grandmaster
  • Spawn Location: 11:00

VOD

Have the link to the VOD?

Description

Time

  • Played on: May 12, 2019, 11:55 a.m.
  • Length: 8:02
Show
View Real Time Build Order
Export as new Build Order

IIIIIIIIIII Zerg 

Build Orders: Hatch First 

Get SALT Encoding   

  12  0:01  Drone  
  13  0:13  Overlord  
  13  0:17  Drone  
  14  0:31  Drone x2  
  16  0:50  Hatchery  
  16  0:52  Drone  
  16  0:56  Drone  
  17  0:59  Drone  
  18  1:09  Extractor  
  17  1:14  Spawning Pool  
  17  1:18  Drone  
  17  1:21  Drone  
  18  1:29  Drone  
  20  1:40  Drone  
  20  1:50  Drone  
  21  2:02  Queen x2  
  21  2:03  Overlord, Zergling x2  
  26  2:13  Drone x2  
  28  2:15  Metabolic Boost  
  28  2:23  Drone x2  
  30  2:38  Drone, Hatchery  
  30  2:41  Zergling x2  
  31  2:46  Drone  
  32  2:51  Queen  
  32  2:54  Overlord  
  34  3:00  Drone  
  34  3:01  Drone  
  36  3:13  Drone x6  
  36  3:16  Overlord  
  42  3:22  Drone x2  
  43  3:34  Queen  
  43  3:35  Lair  
  43  3:38  Drone  
  43  3:39  Drone  
  47  3:43  Drone x3  
  47  3:47  Spore Crawler  
  49  3:48  Spore Crawler  
  49  3:49  Drone  
  49  3:53  Drone  
  50  3:56  Overlord  
  50  3:59  Drone x2  
  50  4:00  Drone  
  53  4:04  Extractor x2  
  53  4:07  Drone  
  53  4:08  Drone  
  53  4:09  Drone  
  54  4:11  Drone  
  54  4:17  Overlord  
  55  4:18  Overlord  
  55  4:20  Drone x2  
  57  4:29  Drone  
  57  4:31  Evolution Chamber  
  57  4:32  Drone  
  57  4:37  Hydralisk Den  
  57  4:39  Drone x5  
  57  4:43  Drone x3  
  60  4:46  Drone x2  
  60  4:48  Drone x3  
  60  4:50  Drone  
  66  4:55  Drone  
  66  4:56  Zerg Missile Weapons Level 1  
  66  4:59  Drone  
  68  5:01  Drone  
  68  5:02  Drone  
  68  5:04  Drone  
  68  5:05  Overlord  
  71  5:07  Muscular Augments  
  71  5:12  Overlord  
  71  5:13  Hydralisk  
  73  5:14  Extractor  
  73  5:15  Extractor  
  73  5:17  Hydralisk  
  73  5:21  Overlord  
  73  5:23  Hydralisk x2  
  73  5:24  Hydralisk  
  73  5:27  Overlord  
  79  5:28  Hydralisk  
  79  5:33  Hydralisk  
  83  5:36  Hydralisk  
  83  5:38  Drone x3  
  88  5:42  Extractor  
  88  5:44  Drone x3  
  88  5:49  Drone x4  
  94  5:54  Queen  
  94  5:55  Drone x3  
  99  5:59  Baneling Nest  
  99  6:03  Drone  
  99  6:08  Hatchery  
  98  6:11  Overseer  
  98  6:21  Hydralisk x4  
  98  6:25  Evolution Chamber  
  105  6:36  Overlord x2  
  105  6:39  Drone  
  106  6:41  Overlord  
  106  6:43  Overlord  
  106  6:45  Overlord  
  106  6:48  Overlord  
  106  6:51  Grooved Spines, Overlord  
  106  6:53  Hydralisk  
  108  6:58  Drone x3  
  108  6:59  Drone x8  
  119  7:02  Spire  
  119  7:06  Drone x2  
  120  7:16  Overlord  
  120  7:17  Hydralisk  
  120  7:18  Hydralisk x2  
  120  7:19  Spore Crawler  
  120  7:20  Zergling x4  
  127  7:23  Hydralisk x3  
  127  7:25  Zergling x4  
  127  7:29  Hydralisk  
  136  7:33  Hydralisk  
  136  7:34  Hydralisk x2  
  136  7:35  Evolution Chamber  
  136  7:36  Evolution Chamber  
Show
View Real Time Build Order
Export as new Build Order

DTsDropBot Protoss - Winner!

Build Orders: 1 Gate Expand, Oracle Opening, Zealot Archon, Archon Drop 

Get SALT Encoding   

  12  0:00  Probe  
  13  0:12  Probe  
  14  0:19  Pylon  
  14  0:24  Probe  
  15  0:29  Assimilator  
  15  0:34  Probe  
  15  0:42  Probe  
  16  0:43  Gateway  
  17  0:51  Probe  
  18  1:03  Probe  
  19  1:15  Probe  
  20  1:25  Nexus  
  20  1:34  Cybernetics Core  
  20  1:37  Probe  
  21  1:42  Assimilator  
  21  1:49  Probe  
  21  1:53  Pylon  
  22  2:01  Probe, Adept  
  23  2:13  Probe  
  26  2:16  Stargate  
  26  2:21  Warp Gate  
  26  2:26  Probe  
  27  2:31  Stalker  
  27  2:34  Probe x2  
  29  2:42  Probe x2  
  33  2:52  Probe x2  
  33  2:54  Oracle  
  35  3:04  Probe x2  
  40  3:16  Probe x2, Pylon  
  42  3:28  Probe x2  
  42  3:30  Robotics Facility  
  44  3:36  Assimilator  
  44  3:39  Assimilator  
  44  3:40  Probe x2  
  46  3:46  Gateway  
  46  3:52  Probe x2  
  46  3:53  Twilight Council  
  48  4:04  Probe x2  
  50  4:10  Adept  
  50  4:14  Gateway x2  
  50  4:17  Probe x2  
  54  4:23  Pylon  
  54  4:31  Warp Prism  
  54  4:34  Templar Archives  
  54  4:41  Probe  
  57  4:46  Nexus  
  57  4:48  Pylon  
  57  4:50  Probe  
  57  4:52  Pylon  
  58  5:05  Forge  
  58  5:06  Observer  
  58  5:07  Probe x2  
  60  5:10  High Templar x3  
  60  5:11  High Templar  
  69  5:16  Archon x2  
  69  5:19  Gateway  
  69  5:21  Gateway  
  69  5:23  Gateway  
  69  5:24  Immortal  
  69  5:25  Protoss Ground Weapons Level 1  
  69  5:27  Gateway  
  69  5:35  Charge  
  73  5:45  Probe x2  
  75  5:54  Sentry  
  77  5:57  Probe  
  77  5:58  Probe x2  
  77  6:01  Sentry  
  77  6:03  Immortal  
  82  6:08  Observer  
  82  6:15  Probe  
  82  6:16  Probe  
  82  6:17  Pylon  
  82  6:18  Pylon  
  88  6:20  Pylon  
  88  6:23  Sentry  
  90  6:35  Zealot x4  
  90  6:36  Zealot x2  
  90  6:37  Pylon  
  102  6:41  Pylon  
  102  6:46  High Templar x2  
  106  6:49  Assimilator  
  106  6:50  Archon  
  106  6:51  Assimilator  
  106  6:54  Pylon  
  106  6:56  Zealot x4  
  106  6:59  Zealot  
  106  7:00  Zealot  
  118  7:13  Probe x2  
  120  7:17  High Templar x2  
  120  7:19  Zealot x5  
  120  7:20  Zealot  
  120  7:21  Archon  
  134  7:30  Pylon  
  134  7:31  Pylon  
  134  7:45  Zealot x3  
  138  7:54  Zealot x5  
Tags
 
Add a new tag
Caveats
  • Supply blocks, unpowered buildings, or Contaminate may cause inaccurate times.
  • Supply counts are checked every 10 seconds.